 Dungeon Crawl Stone Soup version 0.20.1-1-g8b1a95d (webtiles) character file.

589 homeworkjunkie the Chopper (level 7, -7/60 HPs)
             Began as a Hill Orc Fighter on Nov 15, 2017.
             Mangled by Menkaure (16 damage)
             ... on level 5 of the Dungeon.
             The game lasted 00:08:17 (3711 turns).

homeworkjunkie the Chopper (Hill Orc Fighter)       Turns: 3711, Time: 00:08:18

Health: -7/60      AC: 14    Str: 20    XL:     7   Next: 38%
Magic:  7/7        EV:  4    Int:  8    God:
Gold:   113        SH: 10    Dex: 14    Spells: 6/6 levels left

rFire    . . .     SeeInvis .   a - +0 war axe
rCold    . . .     Gourm    .   c - +0 shield
rNeg     . . .     Faith    .   s - +0 plate armour
rPois    .         Spirit   .   b - +1 helmet
rElec    .         Reflect  .   (no cloak)
rCorr    .         Harm     .   (no gloves)
MR       .....                  (no boots)
Stlth    ..........             (no amulet)
Regen    0.2/turn               o - +3 ring of dexterity
MPRegen  0.1/turn               (no ring)

@: no status effects
A: no striking features
a: no special abilities


You were on level 5 of the Dungeon.
You were not hungry.

You visited 1 branch of the dungeon, and saw 5 of its levels.

You collected 113 gold pieces.

Inventory:

Hand Weapons
 a - a +0 war axe (weapon)
Missiles
 e - 5 tomahawks (quivered)
Armour
 b - a +1 helmet (worn)
 c - a +0 shield (worn)
 s - a +0 plate armour (worn)
Jewellery
 o - a +3 ring of dexterity (left hand)
Wands
 q - a wand of disintegration (12/24)
Scrolls
 d - a scroll of magic mapping {unknown}
 i - 2 scrolls of remove curse
 m - a scroll of immolation
 p - a scroll of enchant weapon {unknown}
Potions
 g - a potion of flight {unknown}
 h - a potion of heal wounds {unknown}
 j - a potion of magic {unknown}
 k - a potion of cancellation {unknown}
 n - a potion of mutation
Comestibles
 f - 5 bread rations


   Skills:
 * Level 4.8 Fighting
 * Level 7.5 Axes
 * Level 4.6 Armour
 + Level 0.1 Dodging
 + Level 0.1 Stealth
 * Level 5.1 Shields


You had 6 spell levels left.
You didn't know any spells.

Dungeon Overview and Level Annotations

Branches:
Dungeon (5/15)
 Temple: D:4-7

Altars:
Hepliaklqana
Sif Muna
Trog
Xom

Annotations:
D:4 Frank's ghost, amateur OpFi
D:5 Menkaure


Message History

The hound barely misses you.
An ooze comes into view.
The ooze quivers.
You feel less invigorated.
You feel less confused.
The leopard gecko bites you but does no damage.
You block the leopard gecko's attack.
You barely miss Menkaure.
Menkaure is moderately damaged.
You hit the hound. You slash the leopard gecko!
You kill the leopard gecko!
The hound bites you but does no damage. x2; Menkaure hits you.
* * * LOW HITPOINT WARNING * * *
Unknown command.
You hit Menkaure.
Menkaure is heavily damaged.
You hit the hound.
You kill the hound!
Menkaure hits you!
You die...

#....... .#
....#.####.#
.....#..?.####
#...J........
#...[.......#
#.).........#
#...........#
#....†M.%...#
#.###@..###.#
#.# #.).# #.#
#.# #...# #.#
#.#
##(####.###
#.. #.(<)†...#
###
######.#.....#
#.# ##### #.#
#.#


You could see Menkaure and an ooze.

Vanquished Creatures
  An ogre (D:5)
  A centaur (D:5)
  A howler monkey (D:5)
  2 hounds
  Ijyb (D:5)
  3 worker ants
  Robin (D:2)
  3 gnolls (D:2)
  9 adders
  A howler monkey skeleton (D:4)
  An ooze (D:3)
  2 worms (D:2)
  2 dart slugs
  5 leopard geckos
  3 orcs
  2 giant cockroaches
  16 goblins
  12 hobgoblins
  2 jackals
  6 kobolds
  3 quokkas (D:2)
  5 bats
  4 frilled lizards
  7 rats
93 creatures vanquished.

Vanquished Creatures (others)
  A goblin (D:2)
1 creature vanquished.

Grand Total: 94 creatures vanquished

Notes
Turn   | Place    | Note
-------+----------+-------------------------------------------
     0 | D:1      | homeworkjunkie the Hill Orc Fighter began the quest for the Orb.
     0 | D:1      | Reached XP level 1. HP: 19/19 MP: 1/1
   100 | D:1      | Reached XP level 2. HP: 27/27 MP: 2/2
   182 | D:2      | Reached XP level 3. HP: 11/33 MP: 3/3
   279 | D:2      | Reached skill level 3 in Axes
   552 | D:2      | Reached XP level 4. HP: 20/40 MP: 4/4
   780 | D:2      | Noticed Robin
   799 | D:2      | Killed Robin
  1041 | D:4      | Found a hazy altar of Hepliaklqana.
  1086 | D:3      | Reached skill level 4 in Axes
  1238 | D:3      | Found a bloodstained altar of Trog.
  1249 | D:3      | Reached XP level 5. HP: 43/46 MP: 5/5
  1348 | D:3      | Found a shimmering altar of Xom.
  1477 | D:4      | Noticed Frank's ghost (amateur OpFi)
  1738 | D:3      | Found a deep blue altar of Sif Muna.
  1765 | D:3      | Reached skill level 5 in Axes
  2136 | D:2      | Reached XP level 6. HP: 36/52 MP: 6/6
  2981 | D:4      | Found a bloodstained altar of Trog.
  3030 | D:4      | Noticed Ijyb
  3045 | D:4      | HP: 2/53 [Frank's ghost (7)]
  3591 | D:5      | Entered Level 5 of the Dungeon
  3594 | D:5      | Killed Ijyb
  3594 | D:5      | Reached skill level 6 in Axes
  3647 | D:5      | Reached skill level 5 in Shields
  3647 | D:5      | Reached XP level 7. HP: 34/60 MP: 7/7
  3656 | D:5      | Reached skill level 7 in Axes
  3694 | D:5      | Noticed Menkaure
  3704 | D:5      | HP: 1/60 [Menkaure (8)]
  3711 | D:5      | Mangled by Menkaure

Skill      XL: |  1  2  3  4  5  6  7 |
---------------+----------------------+-----
Fighting       | 4 |  4.8
Axes           | 3 4 5 6 7 |  7.5
Armour         | 4 |  4.6
Shields        | 4 5 |  5.1
Dodging        | |  0.1
Stealth        | |  0.1

Action                   |  1- 3 |  4- 6 |  7- 9 || total
-------------------------+-------+-------+-------++-------
Melee: War axe           |    73 |   229 |    17 ||   319
  Use: Scroll            |     2 |     6 |       ||     8
       Potion            |       |     3 |     1 ||     4
  Eat: Meat ration       |       |     2 |       ||     2
Armor: Scale mail        |    35 |     3 |       ||    38
       Chain mail        |       |    82 |       ||    82
       Plate armour      |       |    69 |    23 ||    92
Dodge: Dodged            |    16 |    44 |     5 ||    65
Block: Shield            |    32 |   133 |    13 ||   178
